 Dungeon Crawl Stone Soup version 0.29.1-2-gbd0b4ee654 (webtiles) character file.

Game seed: 8071071970201608868

77 Uniporpoise the Covered (level 4, -5/43 HPs)
             Began as a Gargoyle Fighter on Nov 25, 2022.
             Killed by divine providence
             ... invoked by an orc priest
              (10 damage)
             ... on level 3 of the Dungeon.
             The game lasted 00:02:50 (2208 turns).

Uniporpoise the Covered (Gargoyle Fighter)          Turns: 2208, Time: 00:02:51

Health: -5/43      AC: 11    Str: 20 (22) XL:     4   Next: 34%
Magic:  4/4        EV:  9    Int:  5 (8)  God:
Gold:   76         SH:  4    Dex:  8 (9)  Spells: 3/3 levels left

rFire   . . .      SeeInvis .   a - +0 flail
rCold   . . .      Faith    .   c - +0 buckler
rNeg    + . .      Spirit   .   b - +0 scale mail
rPois   ∞          Reflect  .   (no helmet)
rElec   +          Harm     .   i - +0 cloak
rCorr   .          Rampage  .   (no gloves)
Will    .....      Rage     3%  (no boots)
Stlth   ..........              (no amulet)
HPRegen 0.14/turn               (no ring)
MPRegen 0.09/turn               (no ring)

@: berserking, attractive, very quick
A: sickness immunity, AC +3, negative energy resistance 1, electricity
resistance, torment resistance 1, petrification resistance, berserk 1
a: no special abilities


You were on level 3 of the Dungeon.
You visited 1 branch of the dungeon, and saw 3 of its levels.

You collected 76 gold pieces.

Inventory:

Hand Weapons
 a - a +0 flail (weapon)
Armour
 b - a +0 scale mail (worn)
 c - a +0 buckler (worn)
 i - a +0 cloak (worn)
Jewellery
 m - a ring of see invisible
Scrolls
 f - a scroll of teleportation {unknown}
 g - a scroll of butterflies {unknown}
 h - a scroll of amnesia {unknown}
 j - 5 scrolls of identify {unknown}


   Skills:
 + Level 3.7 Fighting
 * Level 3.2 Maces & Flails
 + Level 3.8 Armour
 - Level 1.0 Dodging
 - Level 0.2 Stealth
 + Level 3.4 Shields


You had 3 spell levels left.
You didn't know any spells.
Your spell library was empty.

Dungeon Overview and Level Annotations

Branches:
Dungeon (3/15)

Altars:
Uskayaw


Innate Abilities, Weirdness & Mutations

You are immune to sickness and miasma.
Your stone body is resilient. (AC +3)
You are immune to poison.
You resist negative energy. (rN+)
You are resistant to electric shocks. (rElec)
You are resistant to unholy torment.
You are immune to petrification.
You sometimes lose your temper in combat.


Message History

The orc priest is moderately wounded.
You block the orc priest's attack.
You hit the orc priest.
The orc priest is heavily wounded.
The orc priest closely misses you. The orc priest barely misses you.
You barely miss the orc priest.
The orc priest is heavily wounded.
The orc hits you but does no damage.
The orc priest mumbles some strange prayers to Beogh against you.
Beogh smites you!
* * * LOW HITPOINT WARNING * * *
It was a potion of mutation.
You feel extremely strange.
You feel a little pissed off. The orc hits you but does no damage.
You block the orc's attack. The orc priest barely misses you.
It was a potion of attraction.
You feel attractive to monsters. The orc hits you but does no damage.
The orc priest hits you but does no damage.
You block the orc's attack.
It was a potion of degeneration.
There was something very wrong with that liquid.
You feel weakened.
You feel dopey.
You feel clumsy. You block the orc's attack.
The orc hits you but does no damage.
The orc priest hits you but does no damage.
It was a potion of berserk rage.
A red film seems to cover your vision as you go berserk!
You feel yourself moving faster!
You feel mighty! The orc barely misses you.
The orc priest hits you but does no damage.
The orc hits you but does no damage.
You closely miss the orc priest.
The orc priest is heavily wounded.
The orc misses you. The orc priest barely misses you.
The orc hits you but does no damage.
You hit the orc priest.
The orc priest is almost dead.
The orc barely misses you.
The orc priest calls down the wrath of Beogh upon you.
Beogh smites you!
You die...

#.###.#.. ... ..
#.....#.# #.# #.
#.....#.# #.#####.
###.....#.# #.......
#.........#####.##....
#...................#.
###.......)..####.##.#..
..../.............##.#..
#####..@....########.#..
#.ooo.#.# #.#..
##[....... .....
##...##.## #.###
#...##.# #.# #.......
..# #....#.# #....#.#
#.#


You could see an orc priest and 2 orcs.

Vanquished Creatures
  2 adders (D:2)
  2 worms (D:2)
  2 dart slugs (D:2)
  2 orcs (D:2)
  7 endoplasms
  6 goblins
  7 hobgoblins
  3 quokkas
  3 ball pythons
  3 bats (D:2)
  2 frilled lizards
  2 kobolds
  3 rats (D:2)
44 creatures vanquished.

Notes
Turn   | Place    | Note
-------+----------+-------------------------------------------
     0 | D:1      | Uniporpoise the Gargoyle Fighter began the quest for the
                  | Orb.
     0 | D:1      | Reached XP level 1. HP: 14/14 MP: 1/1
   392 | D:1      | Reached XP level 2. HP: 19/19 MP: 2/2
   809 | D:2      | Reached XP level 3. HP: 6/23 MP: 3/3
  1070 | D:2      | Found a hide-covered altar of Uskayaw.
  1340 | D:2      | Found a faded altar of an unknown god.
  1482 | D:2      | Reached skill level 1 in Dodging
  1482 | D:2      | Reached XP level 4. HP: 19/29 MP: 4/4
  2203 | D:3      | Gained mutation: You sometimes lose your temper in combat.
                  | [potion of mutation]
  2208 | D:3      | Killed from afar by an orc priest

Illustrated notes

Levels and vault maps discovered:
D:1:      scummos_arrival_checkerplants, layout_rooms, serial_bayou_crossing
D:2:      layout_rooms, shapermc_ecumenical_altar_starsandcircs, basic_altar
D:3:      layout_loops_ring, bloody_makhleb, dilly_guarded_unrand_throatcut,
          uniq_grinder

Skill      XL: |  1  2  3 |
---------------+----------+-----
Maces & Flails | 3 |  3.2
Dodging        | 1 |  1.0
Fighting       | |  3.7
Armour         | |  3.8
Stealth        | |  0.2
Shields        | |  3.4

Action                   |  1- 3 |  4- 6 || total
-------------------------+-------+-------++-------
Melee: Flail             |   138 |    36 ||   174
  Use: Potion            |     1 |     4 ||     5
Armor: Scale mail        |   108 |    24 ||   132
Dodge: Dodged            |    77 |    27 ||   104
Block: Buckler           |    28 |    10 ||    38
